 Dungeon Crawl Stone Soup version 0.28.0-53-g5a82cb258f (webtiles) character file.

Game seed: 14127511872237215894

56 Gabide the Ducker (level 3, -2/23 HPs)
             Began as a Tengu Monk on June 14, 2022.
             Slain by a gnoll
             ... wielding a +2 vorpal flail
              (5 damage)
             ... on level 2 of the Dungeon.
             The game lasted 00:01:42 (1699 turns).

Gabide the Ducker (Tengu Monk)                      Turns: 1699, Time: 00:01:43

Health: -2/23      AC:  3    Str: 11    XL:     3   Next: 97%
Magic:  4/4        EV: 14    Int: 10    God:
Gold:   57         SH:  0    Dex: 18    Spells: 2/2 levels left

rFire   . . .      SeeInvis .   a - +0 spear
rCold   . . .      Faith    .   (no shield)
rNeg    . . .      Spirit   .   b - +0 robe
rPois   .          Reflect  .   (helmet restricted)
rElec   .          Harm     .   d - +0 cloak
rCorr   .          Rampage  .   (no gloves)
Will    .....                   (boots unavailable)
Stlth   ++........              (no amulet)
HPRegen 0.07/turn               (no ring)
MPRegen 0.09/turn               (no ring)

@: no status effects
A: beak, talons 3
a: no special abilities


You were on level 2 of the Dungeon.
You visited 1 branch of the dungeon, and saw 2 of its levels.

You collected 57 gold pieces.

Inventory:

Hand Weapons
 a - a +0 spear (weapon)
Armour
 b - a +0 robe (worn)
 d - a +0 cloak (worn)
Jewellery
 g - the ring "Coebishi" {Fly rF++ rC+ SInv Stlth-}
   (You found it on level 2 of the Dungeon)

   [ring of flight]

   rF:        It greatly protects you from fire.
   rC:        It protects you from cold.
   SInv:      It lets you see invisible.
   Fly:       It grants you flight.
   Stlth:     It makes you less stealthy.
Scrolls
 e - a scroll of teleportation {unknown}
 f - a scroll of identify {unknown}
Potions
 c - a potion of flight {unknown}


   Skills:
 + Level 3.4 Fighting
 + Level 3.8 Polearms
 * Level 4.3 Dodging
 - Level 2.0 Stealth


You had 2 spell levels left.
You didn't know any spells.
Your spell library was empty.

Dungeon Overview and Level Annotations

Branches:
Dungeon (2/15)

Altars:


Innate Abilities, Weirdness & Mutations

You have a beak for a mouth.
You have claws for feet.


Message History

You reach to attack!
The helpless bat fails to defend itself.
You hit the bat.
You kill the bat!
No target in view!
No target in view!
No target in view!
No target in view!
No target in view!
No target in view!
No target in view!
No target in view!
No target in view!
No target in view!
No target in view!
No target in view!
No target in view!
No target in view!
No target in view!
g - the ring "Coebishi" {Fly rF++ rC+ SInv Stlth-} Unknown command.
A gnoll comes into view. It is wielding a +2 vorpal flail.
A gnoll is nearby!
A gnoll is nearby!
You reach to attack!
The gnoll shouts!
You hit the gnoll.
The gnoll is moderately wounded.
You hear a shout!
You hit the gnoll. Your kick misses the gnoll.
The gnoll is moderately wounded.
You hit the gnoll. You claw the gnoll.
The gnoll is severely wounded.
The gnoll hits you with a +2 vorpal flail.
You closely miss the gnoll. You claw the gnoll.
The gnoll is almost dead.
The gnoll hits you with a +2 vorpal flail!
Ouch! That really hurt!
* * * LOW HITPOINT WARNING * * *
You die...

####### ###.....#
........########
###.............
..........#####
.............#########
#########>##....@g...#
#.##########.# #.# #.#
#.# #.# #.#


You could see a gnoll.

Vanquished Creatures
  2 gnolls
  A dart slug (D:1)
  3 ball pythons
  3 endoplasms (D:1)
  A giant cockroach (D:1)
  3 goblins (D:1)
  3 hobgoblins
  7 jackals (D:1)
  2 quokkas (D:1)
  4 bats
  A frilled lizard (D:1)
  2 rats (D:1)
32 creatures vanquished.

Notes
Turn   | Place    | Note
-------+----------+-------------------------------------------
     0 | D:1      | Gabide the Tengu Monk began the quest for the Orb.
     0 | D:1      | Reached XP level 1. HP: 14/14 MP: 2/2
    51 | D:1      | Reached XP level 2. HP: 19/19 MP: 3/3
   632 | D:1      | Reached skill level 4 in Dodging
   632 | D:1      | Reached XP level 3. HP: 20/23 MP: 4/4
  1690 | D:2      | Identified the ring "Coebishi" {Fly rF++ rC+ SInv Stlth-}
  1699 | D:2      | Slain by a gnoll

Illustrated notes

Levels and vault maps discovered:
D:1:      heliophobic_arrival_henge, layout_loops_ring, minmay_tetromino_o2
D:2:      layout_loops_ring, serial_shops, shop, chequers_ecumenical_altar_lobes

Skill      XL: |  1  2 |
---------------+-------+-----
Dodging        | 4 |  4.3
Fighting       | |  3.4
Polearms       | |  3.8
Stealth        | |  2.0

Action                   || total
-------------------------++-------
Melee: Spear             ||    98
       Kick              ||    23
       Peck              ||     9
       Punch             ||     2
 Stab: Sleeping          ||     6
Armor: Robe              ||     8
Dodge: Dodged            ||    42
